 Dungeon Crawl Stone Soup version 0.29.1 (webtiles) character file.

Game seed: 16183651140509622782

1033 sanka the Fighter (level 8, -2/84 HPs)
             Began as a Naga Cinder Acolyte on Sept 11, 2022.
             Was a High Priest of Ignis.
             Slain by an orc warrior
             ... wielding a +0 trident
              (11 damage)
             ... on level 5 of the Dungeon on Sept 13, 2022.
             The game lasted 00:05:54 (5802 turns).

sanka the Fighter (Naga Cinder Acolyte)             Turns: 5802, Time: 00:05:55

Health: -2/84      AC:  4    Str: 17    XL:     8   Next: 24%
Magic:  10/11      EV:  9    Int: 20    God:    Ignis [*****.]
Gold:   314        SH:  0    Dex:  9    Spells: 9/11 levels left

rFire   + . .      SeeInvis +   a - +1 whip (elec)
rCold   . . .      Faith    .   (no shield)
rNeg    . . .      Spirit   .   b - +0 robe
rPois   +          Reflect  .   (no helmet)
rElec   .          Harm     .   o - +0 cloak
rCorr   .          Rampage  .   (no gloves)
Will    +....                   (no barding)
Stlth   +.........              w - amulet of magic regeneration
HPRegen 0.24/turn               v - ring of wizardry
MPRegen 0.52/turn               d - +6 ring of intelligence

@: very slow
A: AC +2, large, see invisible, deformed body, poison resistance, slowness 2,
spit poison 1, naga tail 1
a: Spit Poison, Renounce Religion, Fiery Armour, Foxfire Swarm, Rising Flame


You were on level 5 of the Dungeon.
You worshipped Ignis.
Ignis was extremely pleased with you.
You visited 1 branch of the dungeon, and saw 5 of its levels.

You collected 314 gold pieces.


Innate Abilities, Weirdness & Mutations

Your serpentine skin is tough. (AC +2)
You have supernaturally acute eyesight. (SInv)
Armour fits poorly on your strangely shaped body.
Your system is resistant to poisons. (rPois)
You cover ground very slowly.
You can spit poison.
You have a snake-like lower body.


   Skills:
 + Level 8.8 Fighting
 - Level 3.0 Axes
 - Level 2.0 Spellcasting
 - Level 5.0 Fire Magic


You had 9 spell levels left.
You knew the following spells:

 Your Spells              Type           Power      Damage    Failure   Level
y - Scorch                Fire           44%        2d7       1%          2

Your spell library contained the following spells:

 Spells                   Type           Power      Damage    Failure   Level
 Apportation              Tloc           4%         N/A       6%          1
 Slow                     Hex            8%         N/A       6%          1
 Confusing Touch          Hex            2%         N/A       19%         3
 Gell's Gravitas          Tloc           2%         N/A       19%         3
 Lesser Beckoning         Tloc           2%         N/A       19%         3
 Teleport Other           Tloc           2%         N/A       19%         3
 Vampiric Draining        Necr           2%         2d6       19%         3
 Alistair's Intoxication  Tmut/Pois      1%         N/A       83%         5

Inventory:

Hand Weapons
 a - a +1 whip of electrocution (weapon)
 g - a -1 hand axe of flaming
 C - a +0 war axe
Missiles
 l - 6 curare-tipped darts {=f}
Armour
 b - a +0 robe (worn)
 o - a +0 cloak (worn)
Jewellery
 d - a +6 ring of intelligence (right hand)
 q - a ring of resist corrosion
 v - a ring of wizardry (left hand)
 w - an amulet of magic regeneration (around neck)
Scrolls
 c - a scroll of poison {unknown}
 f - 3 scrolls of teleportation {unknown}
 i - 5 scrolls of identify {unknown}
 j - a scroll of vulnerability {unknown}
 k - a scroll of torment {unknown}
 p - a scroll of butterflies {unknown}
 r - a scroll of brand weapon {unknown}
 u - a scroll of enchant weapon {unknown}
 y - 3 scrolls of summoning {unknown}
Potions
 e - a potion of attraction {unknown}
 h - a potion of haste {unknown}
 m - 2 potions of lignification {unknown}
 n - a potion of flight {unknown}
 s - 2 potions of mutation {unknown}
 t - a potion of ambrosia {unknown}
 x - 2 potions of curing {unknown}
 z - a potion of berserk rage {unknown}
 A - a potion of degeneration {unknown}
 B - a potion of brilliance {unknown}

Dungeon Overview and Level Annotations

Branches:
Dungeon (5/15)
 Temple: D:4-7

Altars:

Shops:
D:1

* ▒...........▒
▒▒...........▒
.......o.....▒
▒▒......▒▒▒▒▒▒
.▒...ooo▒
........▒▒▒▒
.▒.....o...▒
.....hoo...▒
.......N...▒
........▒▒▒▒
........▒
▒▒▒.....▒▒▒
▒▒▒▒....▒
......▒▒▒.▒▒▒▒▒▒▒▒
▒▒▒▒▒.▒ ▒.▒......▒
▒.▒ ▒.▒.▒▒▒▒.▒
▒.▒▒▒.▒....▒.▒


You could see an orc warrior, a hound, an orc priest and 5 orcs.


Message History

The orc attacks as you move away! The orc hits you with a +0 whip.
* * * LOW HITPOINT WARNING * * *
The orc priest begins to cast a cantrip, but forgets the words!
You are no longer corroded.
The orc priest mumbles some strange prayers to Beogh against you.
Beogh smites you!
* * * LOW HITPOINT WARNING * * *
The orc hits you but does no damage.
You hear a shout!
The orc attacks as you move away! The orc barely misses you.
The orc attacks as you move away! The orc hits you but does no damage.
The orc attacks as you move away! The orc hits you with a +0 hand axe.
* * * LOW HITPOINT WARNING * * *
The orc hits you with a +0 whip.
* * * LOW HITPOINT WARNING * * *
The orc hits you with a +0 hand axe.
* * * LOW HITPOINT WARNING * * *
The orc attacks as you move away! The orc hits you with a +0 hand axe.
* * * LOW HITPOINT WARNING * * *
The orc attacks as you move away! The orc hits you but does no damage.
The orc attacks as you move away! The orc closely misses you.
The orc warrior hits you from afar with a +0 trident!
You die...

Action                   |  1- 3 |  4- 6 |  7- 9 || total
-------------------------+-------+-------+-------++-------
Melee: Hand axe          |    44 |       |       ||    44
       Punch             |     1 |       |       ||     1
       Whip              |    19 |    32 |    51 ||   102
 Cast: Scorch            |     7 |    28 |    11 ||    46
Invok: Fiery Armour      |     1 |     1 |       ||     2
 Abil: Spit Poison       |    17 |    13 |     1 ||    31
Armor: Robe              |     8 |    11 |    19 ||    38
Dodge: Dodged            |    29 |    37 |    34 ||   100

Levels and vault maps discovered:
D:1:      ncdulo_halloftheorcs, layout_basic, serial_shops,
          nicolae_lakefront_shop
D:2:      layout_basic, shapermc_ecumenical_altar_notcrosses,
          uniq_crazy_yiuf_cottage, uniq_terence
D:3:      layout_rooms, corexii_corridor_pit, chequers_serial_rivers_small_a,
          roderic_lattice_a, minivault_26
D:4:      layout_layer_cave, hangedman_decor_points, uniq_menkaure, uniq_pikel
D:5:      layout_basic, mainiacjoe_overflow_small_starburst

Notes
Turn   | Place    | Note
-------+----------+-------------------------------------------
     0 | D:1      | sanka the Naga Cinder Acolyte began the quest for the Orb.
     0 | D:1      | Reached XP level 1. HP: 21/21 MP: 2/2
   443 | D:1      | Reached XP level 2. HP: 28/28 MP: 4/4
   822 | D:1      | Learned a level 2 spell: Scorch
  1040 | D:1      | Found Boreval's Assorted Antiques.
  1088 | D:1      | Reached XP level 3. HP: 12/34 MP: 5/5
  1090 | D:1      | Reached skill level 2 in Spellcasting
  1664 | D:2      | Reached skill level 4 in Fire Magic
  1837 | D:2      | Found a faded altar of an unknown god.
  2012 | D:2      | Reached XP level 4. HP: 42/42 MP: 7/7
  2213 | D:2      | Found a runed translucent door.
  2214 | D:2      | Noticed Crazy Yiuf
  2400 | D:2      | Noticed Terence
  2417 | D:2      | Killed Terence
  2927 | D:2      | Killed Crazy Yiuf
  2928 | D:2      | Reached skill level 5 in Fire Magic
  2928 | D:2      | Reached XP level 5. HP: 49/49 MP: 3/8
  3783 | D:3      | Upgraded the game from 0.29.0-15-g675c0067aa to 0.29.1
  4097 | D:4      | Reached skill level 4 in Fighting
  4130 | D:4      | Noticed Menkaure
  4146 | D:4      | Killed Menkaure
  4146 | D:4      | Noticed an ogre
  4147 | D:4      | Reached skill level 5 in Fighting
  4147 | D:4      | Reached XP level 6. HP: 53/61 MP: 0/9
  4475 | D:4      | Reached skill level 6 in Fighting
  4475 | D:4      | Reached XP level 7. HP: 68/69 MP: 10/10
  4482 | D:4      | Noticed Pikel
  4498 | D:4      | Killed Pikel
  4499 | D:4      | Reached skill level 8 in Fighting
  4499 | D:4      | Reached XP level 8. HP: 32/81 MP: 7/11
  5705 | D:5      | Entered Level 5 of the Dungeon
  5800 | D:5      | HP: 8/84 [orc/+0 hand axe (4)]
  5802 | D:5      | Slain by an orc warrior

Vanquished Creatures
  Pikel (D:4)
  Menkaure (D:4)
  An ogre (D:4)
  A scorpion (D:4)
  A hound (D:4)
  A jelly (D:5)
  2 iguanas
  Crazy Yiuf (D:2)
  Terence (D:2)
  2 orc wizards (D:5)
  6 adders
  An ufetubus (D:4)
  A worm (D:2)
  A dart slug (D:1)
  10 orcs
  7 endoplasms
  3 giant cockroaches (D:2)
  7 goblins
  5 hobgoblins
  3 jackals (D:1)
  10 kobolds
  2 quokkas
  6 ball pythons
  4 bats
  4 frilled lizards
  3 rats
85 creatures vanquished.
